 Dungeon Crawl Stone Soup version 0.31.0-11-ge490571c62 (webtiles) character file.

Game seed: 17398134946965816233

595 AlmostDecent the Shield-Bearer (level 7, -1/60 HPs)
             Began as a Gnoll Fighter on Feb 4, 2024.
             Slain by Pikel
             ... wielding a +2 whip of freezing
              (2 damage)
             ... on level 4 of the Dungeon.
             The game lasted 00:09:47 (2946 turns).

AlmostDecent the Shield-Bearer (Gnoll Fighter)      Turns: 2946, Time: 00:09:47

Health: -1/60      AC: 10    Str: 17    XL:     7   Next: 40%
Magic:  10/10      EV: 10    Int: 10    God:
Gold:   266        SH:  5    Dex: 12    Spells: 11/11 levels left

rFire   . . .        a - +0 war axe
rCold   . . .        c - +0 buckler
rNeg    . . .        b - +0 scale mail
rPois   .            n - +0 helmet {Int+3}
rElec   .            (no cloak)
rCorr   .            (no gloves)
SInv    .            q - +0 pair of boots
Will    .....        (no amulet)
Stlth   +            (no ring)
HPRegen 0.30/turn    (no ring)
MPRegen 0.12/turn

%: no passive effects
@: brilliant, very slow
A: fangs 1, strong nose, distributed training
a: no special abilities


You were on level 4 of the Dungeon.
You visited 1 branch of the dungeon, and saw 4 of its levels.
You also visited: Sewer.

You collected 266 gold pieces.

Inventory:

Hand Weapons
 a - a +0 war axe (weapon)
Armour
 b - a +0 scale mail (worn)
 c - a +0 buckler (worn)
 n - a +0 helmet of intelligence (worn)
 q - a +0 pair of boots (worn)
Jewellery
 o - an amulet of magic regeneration
Scrolls
 e - 2 scrolls of teleportation {unknown}
 g - a scroll of revelation {unknown}
 h - a scroll of blinking {unknown}
 i - 2 scrolls of immolation {unknown}
 k - 2 scrolls of fog
 l - 3 scrolls of torment {unknown}
 p - a scroll of enchant weapon {unknown}
 s - 2 scrolls of identify {unknown}
 t - a scroll of fear {unknown}
 u - a scroll of amnesia {unknown}
Potions
 r - 2 potions of enlightenment


   Skills:
 + Level 7.1 Fighting
 + Level 2.5 Short Blades
 + Level 2.5 Long Blades
 + Level 5.3 Axes
 + Level 2.5 Maces & Flails
 + Level 2.5 Polearms
 + Level 2.5 Staves
 + Level 2.5 Ranged Weapons
 + Level 2.5 Throwing
 + Level 7.1 Armour
 + Level 2.5 Dodging
 + Level 2.5 Stealth
 + Level 7.1 Shields
 + Level 2.5 Unarmed Combat
 + Level 2.5 Spellcasting
 + Level 2.1 Conjurations
 + Level 2.1 Hexes
 + Level 2.1 Summonings
 + Level 2.1 Necromancy
 + Level 2.1 Translocations
 + Level 2.1 Fire Magic
 + Level 2.1 Ice Magic
 + Level 2.1 Air Magic
 + Level 2.1 Earth Magic
 + Level 2.1 Alchemy
 + Level 2.8 Invocations
 + Level 2.5 Evocations
 + Level 2.3 Shapeshifting


You had 11 spell levels left.
You didn't know any spells.
Your spell library was empty.

Dungeon Overview and Level Annotations

Branches:
Dungeon (4/15)              Sewer (visited)
 Temple: D:4-7

Altars:
Hepliaklqana

Annotations:
D:4 Pikel


Innate Abilities, Weirdness & Mutations

You have very sharp teeth.
Your uncanny sense of smell can sniff out nearby items.
Your experience applies equally to all skills.


Message History

The goblin splashes around in the water.
The scorpion barely misses you.
You hit the scorpion.
The scorpion is severely wounded.
You hit the goblin.
You kill the goblin!
You hear a splash.
You feel very sick. You block the scorpion's attack.
Your unstable footing causes you to fumble your attack.
You feel sick. The scorpion closely misses you. The scorpion barely misses you.
You slash the scorpion!
You kill the scorpion!
You feel sick.
As you read the scroll labelled AGEXATHRO HOLE RYL, it dissolves into smoke.
It was a scroll of fog.
You feel sick.
A lemure comes into view.
Your unstable footing causes you to fumble your attack.
You feel sick.
A lemure comes into view.
You block Pikel's attack.
Your unstable footing causes you to fumble your attack.
You feel sick.
The lemure shouts!
Pikel barely misses you.
You hit Pikel.
Pikel is lightly wounded.
You feel sick.
You are no longer poisoned.
Pikel hits you but does no damage.
Your unstable footing causes you to fumble your attack.
Pikel hits you with a +2 whip of freezing.
* * * LOW HITPOINT WARNING * * *
Pikel freezes you.
* * * LOW HITPOINT WARNING * * *
Pikel hits you with a +2 whip of freezing.
* * * LOW HITPOINT WARNING * * *
Pikel freezes you.
You die...
Pikel says, "Another soul for the market."

.. .........
...#........
.#.#.....5.## ..
.....#..~#..#....
.....~~~~~.....>..
...#~~~~~5~#.....##
...~~§§§§~~~......#.
....~§§K§~~.........
##..~§§@§~~.........
#.#~§§§§~~#........
#...§§§§§........#
##..#...#......#
...............##
#..#..........##
.##.##.........###
.........#.......#
#.......#.......#


You could see Pikel and a lemure.

Vanquished Creatures
  An ogre (D:4)
  A phantom (D:3)
  A brain worm (Sewer)
  A scorpion (D:4)
  A hound (D:4)
  Natasha (thrice) (D:2)
  Robin (D:2)
  5 adders
  2 river rats (Sewer)
  4 ribbon worms
  4 dart slugs
  2 orcs (D:3)
  7 endoplasms
  10 giant cockroaches
  17 goblins
  8 hobgoblins
  8 jackals
  6 quokkas
  10 ball pythons
  11 bats
  5 frilled lizards
  4 kobolds
  6 rats
118 creatures vanquished.

Notes
Turn   | Place    | Note
-------+----------+-------------------------------------------
     0 | D:1      | AlmostDecent the Gnoll Fighter began the quest for the Orb.
     0 | D:1      | Reached XP level 1. HP: 23/23 MP: 1/1
     7 | D:1      | You fall into a shaft and drop 1 floor!
    94 | D:2      | Reached XP level 2. HP: 25/29 MP: 2/2
   198 | D:2      | Noticed Natasha
   210 | D:2      | Killed Natasha
   211 | D:2      | Reached skill level 1 in Short Blades
   211 | D:2      | Reached skill level 1 in Long Blades
   211 | D:2      | Reached skill level 1 in Maces & Flails
   211 | D:2      | Reached skill level 1 in Polearms
   211 | D:2      | Reached skill level 1 in Staves
   211 | D:2      | Reached skill level 1 in Ranged Weapons
   211 | D:2      | Reached skill level 1 in Throwing
   211 | D:2      | Reached skill level 1 in Dodging
   211 | D:2      | Reached skill level 1 in Stealth
   211 | D:2      | Reached skill level 1 in Unarmed Combat
   211 | D:2      | Reached skill level 1 in Spellcasting
   211 | D:2      | Reached skill level 1 in Invocations
   211 | D:2      | Reached skill level 1 in Evocations
   211 | D:2      | Reached XP level 3. HP: 20/35 MP: 2/4
   310 | D:2      | Reached skill level 1 in Shapeshifting
   310 | D:2      | Reached XP level 4. HP: 35/41 MP: 5/5
   376 | D:2      | Noticed Natasha
   385 | D:2      | Killed Natasha
   386 | D:2      | Reached skill level 1 in Conjurations
   386 | D:2      | Reached skill level 1 in Hexes
   386 | D:2      | Reached skill level 1 in Summonings
   386 | D:2      | Reached skill level 1 in Necromancy
   386 | D:2      | Reached skill level 1 in Translocations
   386 | D:2      | Reached skill level 1 in Fire Magic
   386 | D:2      | Reached skill level 1 in Ice Magic
   386 | D:2      | Reached skill level 1 in Air Magic
   386 | D:2      | Reached skill level 1 in Earth Magic
   386 | D:2      | Reached skill level 1 in Alchemy
   414 | D:2      | Noticed Natasha
   423 | D:2      | Killed Natasha
   468 | D:2      | Reached XP level 5. HP: 47/47 MP: 7/7
  1519 | D:2      | Noticed Robin
  1539 | D:2      | Killed Robin
  2149 | D:3      | Found a hazy altar of Hepliaklqana.
  2197 | D:4      | Noticed a phantom
  2226 | D:3      | Killed a phantom
  2227 | D:3      | Reached skill level 5 in Axes
  2227 | D:3      | Reached XP level 6. HP: 53/53 MP: 7/9
  2269 | D:4      | Found a glowing drain.
  2278 | Sewer    | Entered a sewer
  2928 | D:4      | Reached XP level 7. HP: 32/60 MP: 10/10
  2936 | D:4      | Noticed Pikel
  2946 | D:4      | HP: 1/60 [Pikel/+2 whip of freezing (6)]
  2946 | D:4      | Slain by Pikel

Illustrated notes

Levels and vault maps discovered:
D:1:      lightli_molten_gateway, layout_basic, kennysheep_pointless_box
D:2:      layout_basic, uniq_natasha, uniq_robin
D:3:      layout_rooms, worldfamousw_hep_ancestral_shrine
D:4:      layout_cave_pools, nicolae_overflow_crystal_walls,
          nicolae_tso_besieged_by_evil, cheibrodos_sewer_entry_drain,
          uniq_pikel, uniq_sigmund

Skill      XL: |  1  2  3  4  5  6 |
---------------+-------------------+-----
Short Blades   | 1 2 |  2.5
Long Blades    | 1 2 |  2.5
Maces & Flails | 1 2 |  2.5
Polearms       | 1 2 |  2.5
Staves         | 1 2 |  2.5
Ranged Weapons | 1 2 |  2.5
Throwing       | 1 2 |  2.5
Dodging        | 1 2 |  2.5
Stealth        | 1 2 |  2.5
Unarmed Combat | 1 2 |  2.5
Spellcasting   | 1 2 |  2.5
Invocations    | 1 2 |  2.8
Evocations     | 1 2 |  2.5
Shapeshifting  | 1 2 |  2.3
Conjurations   | 1 2 |  2.1
Hexes          | 1 2 |  2.1
Summonings     | 1 2 |  2.1
Necromancy     | 1 2 |  2.1
Translocations | 1 2 |  2.1
Fire Magic     | 1 2 |  2.1
Ice Magic      | 1 2 |  2.1
Air Magic      | 1 2 |  2.1
Earth Magic    | 1 2 |  2.1
Alchemy        | 1 2 |  2.1
Axes           | 5 |  5.3
Fighting       | 7 |  7.1
Armour         | 7 |  7.1
Shields        | 7 |  7.1

Action                     |  1- 3 |  4- 6 |  7- 9 || total
---------------------------+-------+-------+-------++-------
  Melee: War axe           |    38 |   293 |    14 ||   345
         Bite              |     5 |    25 |     1 ||    31
    Use: Potion            |     1 |       |     3 ||     4
         Scroll            |       |       |     1 ||     1
 Armour: Scale mail        |    26 |   260 |    16 ||   302
  Dodge: Dodged            |    22 |   179 |    14 ||   215
  Block: Buckler           |    20 |    94 |     6 ||   120
